 Dungeon Crawl Stone Soup version 0.25-a0-523-g9afb2ee (webtiles) character file.

Game seed: 771018229323395664, levelgen mode: deterministic

82 wolfsongas the Firebug (level 4, -1/36 HPs)
             Began as a Draconian Fire Elementalist on Feb 18, 2020.
             Slain by a gnoll
             ... wielding a +0 spear of flaming
              (2 damage)
             ... on level 3 of the Dungeon.
             The game lasted 00:07:20 (2354 turns).

wolfsongas the Firebug (DrFE)                       Turns: 2354, Time: 00:07:21

Health: -1/36      AC:  7    Str: 10    XL:     4   Next: 21%
Magic:  1/8        EV: 12    Int: 20    God:
Gold:   95         SH:  0    Dex: 13    Spells: 4/8 levels left

rFire    . . .     SeeInvis .   a - +0 dagger
rCold    . . .     Gourm    .   (no shield)
rNeg     . . .     Faith    .   (armour unavailable)
rPois    .         Spirit   .   (helmet restricted)
rElec    .         Reflect  .   e - +1 cloak
rCorr    .         Harm     .   (no gloves)
MR       .....                  (no boots)
Stlth    ++........             (no amulet)
HPRegen  0.12/turn              (no ring)
MPRegen  0.11/turn              (no ring)

@: brilliant, lethally poisoned (-1 -> -2)
A: unfitting armour, cold-blooded, AC +5
a: no special abilities


You were on level 3 of the Dungeon.
You were not hungry.

You visited 1 branch of the dungeon, and saw 3 of its levels.

You collected 95 gold pieces.

Inventory:

Hand Weapons
 a - a +0 dagger (weapon)
Armour
 e - a +1 cloak (worn)
Jewellery
 c - an uncursed ring of protection from cold {unknown}
Potions
 d - 2 potions of ambrosia
 h - a potion of heal wounds
Comestibles
 b - 2 rations
 g - 3 chunks of flesh


   Skills:
 + Level 2.0 Fighting
 - Level 1.7 Dodging
 - Level 1.7 Stealth
 + Level 2.7 Spellcasting
 + Level 2.1 Conjurations
 + Level 3.6 Fire Magic


You had 4 spell levels left.
You knew the following spells:

 Your Spells              Type           Power        Failure   Level  Hunger
a - Foxfire               Conj/Fire      ####         1%          1    None
b - Conjure Flame         Conj/Fire      ####....     1%          3    ###....

Your spell library contained the following spells:

 Spells                   Type           Power        Failure   Level  Hunger
 Inner Flame              Hex/Fire       ###.....     2%          3    ###....
 Sticky Flame             Conj/Fire      ####....     5%          4    ####...
 Fireball                 Conj/Fire      ####......   13%         5    ######.


Dungeon Overview and Level Annotations

Branches:
Dungeon (3/15)

Altars:
Ashenzari
Elyvilon


Innate Abilities, Weirdness & Mutations

Your plain brown scales are hard. (AC +5)
You cannot fit into any form of body armour.
You are cold-blooded and may be slowed by cold attacks.


Message History

The gnoll burns you. The gnoll hits you with a +0 club.
The gnoll hits you but does no damage.
It was a potion of brilliance.
You feel clever all of a sudden.
You feel sick. The gnoll barely misses you.
The gnoll hits you but does no damage. The gnoll barely misses you.
Casting: Foxfire (safe; 1% risk of failure)
Confirm with . or Enter, or press ? or * to list all spells.
The fire begins to smolder!
The gnoll hits you but does no damage. The gnoll barely misses you. x2
You hit the gnoll. You tail-slap the gnoll.
The gnoll is moderately wounded.
The gnoll hits you from afar with a +0 spear of flaming.
The gnoll burns you. The gnoll hits you! The gnoll completely misses you.
You smother the flame.
You feel sick.
The gnoll hits you from afar with a +0 spear of flaming!
* * * LOW HITPOINT WARNING * * *
The gnoll burns you.
You die...

### #.#.###.# ########
#...#.#.###.#### #..
#....÷.......#.###### ##(#
#....#....#...#.....###.).
#..##.#.#.#..#.####.#≈≈...
#.# ###........# #.#≈..♣.
#. #.......### #......) #
#(...†..# #...♣._.
#...@...# ##.......
#....gg.# #..#≈..♣.
#..g....# #.##≈≈...
#.......# #.####...
#.......# #..###..#
...####### ##.....## ..#.
#.##### ###. ### #.#
.....#####.#


You could see 3 gnolls.

Vanquished Creatures
  4 adders
  A dart slug (D:1)
  3 orcs (D:3)
  A ball python (D:2)
  10 bats
  A giant cockroach (D:1)
  3 hobgoblins
  4 jackals (D:1)
  A quokka (D:3)
  2 frilled lizards
  5 goblins
  4 kobolds
  A rat (D:1)
40 creatures vanquished.

Vanquished Creatures (others)
  A quokka (D:3)
  87 foxfires
88 creatures vanquished.

Grand Total: 128 creatures vanquished

Notes
Turn   | Place    | Note
-------+----------+-------------------------------------------
     0 | D:1      | wolfsongas the Draconian Fire Elementalist began the quest
                  | for the Orb.
     0 | D:1      | Reached XP level 1. HP: 14/14 MP: 3/3
   186 | D:1      | Reached XP level 2. HP: 22/22 MP: 3/5
   500 | D:1      | Reached skill level 1 in Fighting
  1045 | D:2      | Reached XP level 3. HP: 22/28 MP: 2/6
  1186 | D:2      | Found a shattered altar of Ashenzari.
  1993 | D:3      | Learned a level 3 spell: Conjure Flame
  2003 | D:3      | Found a white marble altar of Elyvilon.
  2246 | D:3      | Reached XP level 4. HP: 30/36 MP: 4/7
  2354 | D:3      | HP: 1/36 [gnoll/+0 spear of flaming (9)]
  2354 | D:3      | Slain by a gnoll

Levels and vault maps discovered:
D:1:      dpeg_arrival_ternary, layout_loops_ring
D:2:      layout_loops_corners, lemuel_crystal_altar
D:3:      layout_loops_cross, chequers_temple_overflow_statue_of_worship,
          first_ration, elyvilon_altar_4

Skill      XL: |  1  2  3  4 |
---------------+-------------+-----
Fighting       | 1 2 |  2.0
Conjurations   | 2 |  2.1
Dodging        | |  1.7
Stealth        | |  1.7
Spellcasting   | |  2.7
Fire Magic     | |  3.6

Action                   |  1- 3 |  4- 6 || total
-------------------------+-------+-------++-------
Melee: Dagger            |    33 |    10 ||    43
       Tailslap          |     1 |     1 ||     2
 Cast: Foxfire           |    55 |     5 ||    60
       Conjure Flame     |     1 |     1 ||     2
  Use: Scroll            |     5 |       ||     5
       Potion            |       |     2 ||     2
  Eat: Chunk             |     4 |     1 ||     5
Armor: Skin              |    35 |    10 ||    45
Dodge: Dodged            |    78 |    22 ||   100

Table legend:
 A = Non-vault XP
 B = Vault XP
 C = Vault XP percentage of total XP
 D = Non-vault monster count
 E = Vault monster count
 F = Vault count percentage of total count
                 A         B        C        D         E       F
            +---------+---------+-------+---------+---------+-------
      Total |     118 |       0 |   0.0 |      40 |       0 |   0.0
            +---------+---------+-------+---------+---------+-------
        D:1 |      32 |       0 |   0.0 |      18 |       0 |   0.0
        D:2 |      41 |       0 |   0.0 |      11 |       0 |   0.0
        D:3 |      45 |       0 |   0.0 |      11 |       0 |   0.0
            +---------+---------+-------+---------+---------+-------
